 Dungeon Crawl Stone Soup version 0.26.1-2-gb8aa6d0cf2 (webtiles) character file.

Game seed: 11685358494106248826

613983 Glorbak the Hoplite (level 27, -23/268 HPs)
             Began as a Gargoyle Fighter on Mar 8, 2021.
             Was the Champion of Qazlal.
             Killed from afar by an ancient lich (57 damage)
             ... with an iron shot
             ... on level 1 of the Realm of Zot on Mar 9, 2021.
             The game lasted 06:07:49 (77424 turns).

Glorbak the Hoplite (Gargoyle Fighter)             Turns: 77424, Time: 06:07:50

Health: -23/268    AC: 40    Str: 22    XL:     27
Magic:  25/38      EV: -1    Int: 19    God:    Qazlal [******]
Gold:   1266       SH: 47    Dex: 23    Spells: 12/48 levels left

rFire    + . .     SeeInvis +   b - +8 eveningstar (protect)
rCold    . . .     Faith    .   F - +8 tower shield of Thoughtfulness {rCorr Int+4}
rNeg     + + +     Spirit   .   (armour currently unavailable)
rPois    ∞         Reflect  +   (helmet currently unavailable)
rElec    +         Harm     .   (cloak currently unavailable)
rCorr    +         Rampage  .   (gloves currently unavailable)
Will     ++...     NoTele   +   (boots currently unavailable)
Stlth    +.........             g - amulet "Miynodaz" {Reflect +Inv SH+5}
HPRegen  0.54/turn              p - ring of the Past {Int+2 Slay+4}
MPRegen  0.26/turn              C - ring "Seadexti" {rF+ Dex+5}

@: mighty, tree-form, wereblooded, protected from electricity, protection aura,
constricted, repel missiles
A: see invisible, negative energy resistance 1, screaming 1, strong 1,
petrification resistance, miasma immunity, AC +20
}: 3/15 runes: decaying, silver, gossamer
a: Renounce Religion, Evoke Invisibility, Upheaval, Elemental Force, Disaster
Area


You were on level 1 of the Realm of Zot.
You worshipped Qazlal.
Qazlal was exalted by your worship.
You were a tree.
You visited 12 branches of the dungeon, and saw 51 of its levels.
You visited the Abyss 1 time.
You visited 1 bazaar.
You also visited: Ossuary, Bailey, Gauntlet and Ice Cave.

You collected 8555 gold pieces.
You spent 7289 gold pieces at shops.

Inventory:

Hand Weapons
 b - a +8 eveningstar of protection (weapon)
Missiles
 K - 1013 stones
Armour
 c - a +2 pair of gloves of dexterity (melded)
 i - the +5 chain mail of the Nine Persimmons (melded) {Will+ Str+4}
   (You bought it in a shop on level 2 of the Vaults)

   It affects your strength (+4).
   It affects your willpower, your defense against some magical effects.
 r - the +0 cloak "Voagu" (melded) {rF+ rC+ Dex-3 Slay+5}
   (You found it on level 1 of the Spider Nest)

   It affects your dexterity (-3).
   It affects your accuracy and damage with ranged weapons and melee attacks
   (+5).
   It protects you from fire.
   It protects you from cold.
 s - a +2 pair of boots of stealth (melded)
 y - the +1 hat "Fazooch" (melded) {rC+ Str+4}
   (You found it in an ice cave)

   It affects your strength (+4).
   It protects you from cold.
 F - the +8 tower shield of Thoughtfulness (worn) {rCorr Int+4}
   (You found it on level 5 of the Vaults)

   It affects your intelligence (+4).
   It provides partial protection from all sources of acid and corrosion.
Jewellery
 e - the ring "Laoddogh" {rC+ Dex+3 SInv}
   (You found it on level 5 of the Lair of Beasts)

   [ring of see invisible]

   It affects your dexterity (+3).
   It protects you from cold.
   It lets you see invisible.
 g - the amulet "Miynodaz" (around neck) {Reflect +Inv SH+5}
   (You bought it in a shop on level 4 of the Vaults)

   [amulet of reflection]

   It shields you and reflects attacks.
   It lets you turn invisible.
   It affects your SH (+5).
 p - the ring of the Past (left branch) {Int+2 Slay+4}
   (You bought it in a shop on level 3 of the Vaults)

   [ring of slaying]

   It affects your intelligence (+2).
   It affects your accuracy and damage with ranged weapons and melee attacks
   (+4).
 C - the ring "Seadexti" (right branch) {rF+ Dex+5}
   (You bought it in a shop on level 4 of the Vaults)

   [ring of protection from fire]

   It affects your dexterity (+5).
   It protects you from fire.
Wands
 m - a wand of random effects (16)
 w - a wand of acid (14)
 A - a wand of paralysis (11)
 I - a wand of disintegration (44)
 J - a wand of iceblast (53)
 N - a wand of flame (131)
Scrolls
 a - 6 scrolls of silence
 f - 20 scrolls of teleportation
 h - a scroll of summoning
 n - 14 scrolls of identify
 q - 31 scrolls of remove curse
 u - 11 scrolls of fear
 D - 10 scrolls of blinking
 L - 2 scrolls of amnesia
 Q - 6 scrolls of fog
 S - 4 scrolls of magic mapping
 U - 3 scrolls of holy word
 Y - a scroll of brand weapon
Potions
 d - 13 potions of might
 j - 25 potions of curing
 k - 14 potions of ambrosia
 l - 3 potions of berserk rage
 o - 4 potions of brilliance
 t - 10 potions of haste
 E - 7 potions of magic
 H - 4 potions of heal wounds
 M - 4 potions of resistance
 P - 2 potions of invisibility
 T - 2 potions of cancellation
 V - 3 potions of lignification


   Skills:
 * Level 19.8 Fighting
 * Level 20.3 Maces & Flails
 * Level 21.3 Armour
 * Level 11.0 Dodging
 + Level 25.1 Shields
 - Level 11.4 Spellcasting
 - Level 10.7 Transmutations
 + Level 16.9 Earth Magic
 - Level 15.2 Invocations


You had 12 spell levels left.
You knew the following spells:

 Your Spells              Type           Power        Failure   Level
a - Sandblast             Erth           100%         0%          1
b - Passwall              Tmut/Erth      49%          1%          2
c - Wereblood             Tmut           51%          1%          2
d - Stone Arrow           Conj/Erth      86%          1%          3
e - Lee's Rapid Deconstr  Erth           33%          1%          5
f - Petrify               Tmut/Erth      59%          1%          4
g - Beastly Appendage     Tmut           100%         1%          1
h - Leda's Liquefaction   Hex/Erth       21%          1%          4
i - Borgnjor's Vile Clut  Necr/Erth      21%          5%          5
j - Shatter               Erth           33%          99%         9

Your spell library contained the following spells:

 Spells                   Type           Power        Failure   Level
 Spider Form              Tmut/Pois      15%          2%          3
 Blade Hands              Tmut           25%          2%          5
 Animate Skeleton         Necr           20%          6%          1
 Apportation              Tloc           20%          6%          1
 Corona                   Hex            11%          6%          1
 Foxfire                  Conj/Fire      40%          6%          1
 Magic Dart               Conj           40%          6%          1
 Pain                     Necr           40%          6%          1
 Shock                    Conj/Air       40%          6%          1
 Summon Small Mammal      Summ           40%          6%          1
 Ice Form                 Ice/Tmut       31%          7%          4
 Blink                    Tloc           N/A          10%         2
 Call Imp                 Summ           10%          10%         2
 Corpse Rot               Necr/Air       N/A          10%         2
 Ensorcelled Hibernation  Hex/Ice        20%          10%         2
 Poisonous Vapours        Pois/Air       20%          10%         2
 Searing Ray              Conj           20%          10%         2
 Swiftness                Air            10%          10%         2
 Call Canine Familiar     Summ           10%          19%         3
 Confusing Touch          Hex            10%          19%         3
 Conjure Flame            Conj/Fire      10%          19%         3
 Dazzling Flash           Conj/Hex       20%          19%         3
 Frozen Ramparts          Ice            20%          19%         3
 Gell's Gravitas          Tloc           5%           19%         3
 Inner Flame              Hex/Fire       10%          19%         3
 Lesser Beckoning         Tloc           5%           19%         3
 Portal Projectile        Hex/Tloc       20%          19%         3
 Static Discharge         Conj/Air       10%          19%         3
 Teleport Other           Tloc           10%          19%         3
 Vampiric Draining        Necr           5%           19%         3
 Yara's Violent Unravell  Hex/Tmut       15%          21%         5
 Airstrike                Air            5%           54%         4
 Animate Dead             Necr           5%           54%         4
 Dispel Undead            Necr           10%          54%         4
 Fulminant Prism          Conj/Hex       5%           54%         4
 Iskenderun's Mystic Bla  Conj/Tloc      10%          54%         4
 Passage of Golubria      Tloc           N/A          54%         4
 Sticky Flame             Conj/Fire      10%          54%         4
 Summon Lightning Spire   Summ/Air       10%          54%         4
 Agony                    Necr           10%          87%         5
 Excruciating Wounds      Necr           5%           87%         5
 Fireball                 Conj/Fire      5%           87%         5
 Lightning Bolt           Conj/Air       5%           87%         5
 Metabolic Englaciation   Hex/Ice        5%           87%         5
 Silence                  Hex/Air        5%           87%         5
 Summon Demon             Summ           5%           87%         5
 Conjure Ball Lightning   Conj/Air       5%           100%        6
 Death Channel            Necr           5%           100%        6
 Dispersal                Tloc           5%           100%        6
 Freezing Cloud           Conj/Ice/Air   5%           100%        6
 Invisibility             Hex            10%          100%        6
 Ozocubu's Refrigeration  Ice            5%           100%        6
 Shadow Creatures         Summ           N/A          100%        6
 Simulacrum               Ice/Necr       5%           100%        6
 Malign Gateway           Summ/Tloc      5%           100%        7
 Spellforged Servitor     Conj/Summ      5%           100%        7
 Disjunction              Tloc           5%           100%        8
 Ignition                 Fire           5%           100%        8
 Tornado                  Air            5%           100%        9
 Sublimation of Blood     Necr           Unusable     N/A         2

Dungeon Overview and Level Annotations

Branches:
Dungeon (15/15)            Temple (1/1) D:4            Lair (6/6) D:8
  Swamp (4/4) Lair:4       Spider (4/4) Lair:2        Slime (2/5) Lair:6
    Orc (2/2) D:11            Elf (3/3) Orc:2        Vaults (5/5) D:14
  Crypt (3/3) Vaults:3       Tomb (0/3) Crypt:3      Depths (5/5) D:15
    Zot (1/5) Depths:5    Ossuary (visited)          Bailey (visited)
  IceCv (visited)         Gauntlet (visited)

Altars:
Ashenzari
Cheibriados
Dithmenos
Elyvilon
Fedhas
Gozag
Hepliaklqana
Kikubaaqudgha
Makhleb
Nemelex Xobeh
Okawaru
Qazlal
Ru
Sif Muna
Trog
Uskayaw
Vehumet
Wu Jian
Xom
Yredelemnul
Zin
The Shining One
Beogh
Jiyva
Lugonu

Shops:
D:4 :   D:10 (   Orc:1 ?   Orc:2 !:(!=   Elf:1 *   Vaults:2 [*[!!   Vaults:3 =
Vaults:4 =

Portals:
Hell: Depths:1 Depths:2 Depths:3 Depths:4 Depths:5
Abyss: Depths:3 Depths:4
Pandemonium: Depths:2 Depths:3
Ziggurat: Depths:1
Trove: D:15 (give 7 scrolls of blinking)


Innate Abilities, Weirdness & Mutations

You are resistant to torment.
((Your stone body is resilient. (AC +20)))
You are immune to poison.
((Your large and strong wings let you fly indefinitely.))
You resist negative energy. (rN+)
((You are resistant to electric shocks. (rElec)))
((You can survive without breathing.))
You are immune to petrification.
You are immune to miasma.
((You have a pair of small antennae on your head.))
((You have sharp toenails.))
((Your skin changes colour to match your surroundings (Stealth+).))
You have supernaturally acute eyesight. (SInv)
You occasionally shout uncontrollably at your foes.
Your muscles are strong. (Str +2)


Message History

The electric golem hurls lightning at you.
The bolt of lightning hits you.
Your resistance to physical damage fades away.
You feel protected from electricity.
* * * LOW HITPOINT WARNING * * *
The bolt of lightning hits the electric golem.
The electric golem completely resists.
The bolt of lightning misses the cacodemon.
The red draconian hits you but does no damage.
You are too injured to fight recklessly!
You bludgeon the electric golem!!
You destroy the electric golem!
Qazlal accepts your kill.
You creak as the wereblood boils in your veins!
You block the shadow demon's attack.
The electric golem is engulfed in freezing vapours.
You block the electric golem's attack. x4
The ancient lich gestures at you while chanting.
The iron shot hits you!!!
You die...

..... #...#
##...##
###§...≈###
##≈.≈≈.≈≈.≈##
##≈.≈○..°...≈##
.....dX22......
.≈....z♣8☼...≈.
.....°X)L°.....
##≈§.°≈°2°..≈##
##§§......≈##
###§...≈###
###≈### ###


You could see an electric golem, 2 tentacled monstrosities, an ancient lich
(invisible), a red draconian (summoned), a cacodemon (summoned), a death cob
(summoned), a reaper (summoned) and a shadow demon (summoned).

Vanquished Creatures
  Mara (Vaults:2)
  An ancient lich (Vaults:4)
  3 juggernauts
  2 Killer Klowns
  Margery (Vaults:2)
  Frederick (Crypt:1)
  Bai Suzhen (Swamp:3)
  6 caustic shrikes
  Saint Roka (Vaults:2)
  4 golden dragons
  A bone dragon (Depths:5)
  Arachne (Spider:1)
  2 electric golems (Zot:1)
  7 tentacled monstrosities
  Jorgrun (Swamp:3)
  Rupert (D:15)
  An Ice Fiend (IceCv)
  8 liches
  Asterion (Spider:4)
  A quicksilver dragon (Vaults:5)
  3 titans
  A deep elf blademaster (Elf:3)
  3 acid blobs (Slime:1)
  4 deep elf master archers (Elf:3)
  5 sphinxes
  2 ancient champions
  A storm dragon (Depths:4)
  Frances (Spider:1)
  Roxanne (Spider:4)
  7 shadow dragons
  Kirke (D:14)
  Agnes (Spider:4)
  2 azure jellies
  11 tengu reavers
  A storm dragon (shapeshifter) (Vaults:4)
  2 revenants (Crypt:3)
  A fire giant (shapeshifter) (Vaults:1)
  12 fire giants
  7 deep elf sorcerers
  A draconian monk (Depths:5)
  18 vault wardens
  A draconian knight (Depths:5)
  An orc warlord (Vaults:4)
  2 ghost moths
  3 iron dragons (Depths:3)
  7 frost giants
  6 emperor scorpions
  The ghost of Aviun the Unseen, an adept SpEn of Kikubaaqudgha (Spider:4)
  Aizul (Spider:2)
  A cacodemon (Depths:1)
  16 ghouls
  A curse skull (Crypt:2)
  5 deep elf elementalists (Elf:3)
  The ghost of Ikheod the Impaler, a journeyman MfGl of Okawaru (Lair:6)
  A reaper (Gauntlet)
  A draconian annihilator (Depths:5)
  11 ironheart preservers
  A spriggan defender (Depths:4)
  18 very ugly things
  14 vampire knights
  11 deep elf demonologists
  3 war gargoyles
  16 stone giants
  6 entropy weavers
  A spectral titan (Crypt:3)
  9 deep elf annihilators
  A black draconian (Depths:5)
  6 dire elephants (Lair:6)
  A minotaur (Gauntlet)
  4 bunyips
  10 spark wasps
  A red draconian (Depths:5)
  4 purple draconians (Depths:5)
  6 eleionomae
  10 eidola
  2 crystal guardians
  9 ettins
  5 jiangshi
  3 spectral quicksilver dragons (Crypt:3)
  19 fire dragons
  14 ogre magi
  13 deep elf death magi
  Josephine (Spider:1)
  8 deep elf high priests
  17 yaktaur captains
  Erolcha (Orc:2)
  Harold (D:10)
  5 boulder beetles
  9 rakshasas
  A spectral shadow dragon (Crypt:3)
  6 great orbs of eyes
  25 hydras
  33 vault guards
  2 large abominations
  A boulder beetle (shapeshifter) (Vaults:5)
  A hell beast (Depths:1)
  11 ice dragons
  5 spriggan air magi
  An anaconda (Lair:6)
  3 death knights
  Erica (D:8)
  28 two-headed ogres
  13 alligators
  2 spectral fire giants (Crypt:3)
  A ghost crab (Swamp:2)
  3 catoblepae
  A spectral stone giant (Crypt:3)
  A two-headed ogre (shapeshifter) (Vaults:4)
  12 centaur warriors
  5 deep troll earth magi
  A queen ant (Spider:1)
  A titan zombie (Crypt:2)
  8 death scarabs (Spider:4)
  6 deep troll shamans
  26 dancing weapons
  11 vampire magi
  The ghost of arta456 the Thaumaturge, a journeyman DECj of Vehumet (D:8)
  2 orc high priests
  3 hell knights
  A spriggan berserker (Depths:3)
  3 tengu warriors
  12 death yaks
  A shock serpent (shapeshifter) (Depths:5)
  Nergalle (Orc:2)
  A soul eater (Crypt:1)
  10 spriggans
  19 skeletal warriors
  29 deep elf knights
  2 fire crabs (Swamp:4)
  6 iron trolls
  4 unseen horrors
  2 sixfirhies
  2 spectral emperor scorpions (Crypt:3)
  A spatial maelstrom (Abyss:3)
  2 bunyip zombies (Crypt:1)
  A gelid demonspawn (Depths:2)
  An iron giant zombie (Crypt:3)
  3 goliath frogs
  24 deep elf archers
  15 swamp dragons
  4 shadow wraiths
  5 spriggan druids
  A small abomination (Crypt:3)
  A spectral ghost moth (Crypt:3)
  3 glowing orange brains
  2 spectral hydras (Crypt:3)
  19 deep trolls
  14 flayed ghosts
  A spectral iron dragon (Crypt:3)
  5 wizards
  An orange crystal statue (Depths:2)
  5 spectral wolf spiders
  5 bog bodies
  21 ironbrand convokers
  A golden dragon skeleton (Vaults:5)
  A harpy (shapeshifter) (Depths:5)
  2 lindwurms
  86 deep elf magi
  13 orc knights
  19 orb spiders
  3 wolf spider zombies (Spider:4)
  40 ugly things
  11 necromancers
  4 oklob plants (Lair:5)
  4 harpies (Vaults:2)
  21 phantasmal warriors
  24 wolf spiders
  A shadow dragon skeleton (Crypt:2)
  10 orc sorcerers
  4 shining eyes
  A tengu skeleton (Vaults:2)
  A salamander (shapeshifter) (Vaults:1)
  2 spectral shock serpents (Crypt:3)
  7 cyclopes
  5 will-o-the-wisps
  3 moths of wrath
  14 elephants
  A stone giant zombie (Vaults:2)
  6 black mambas
  11 vault sentinels
  Joseph (Lair:1)
  A black mamba (shapeshifter) (Depths:1)
  5 ice statues
  An eye of devastation (Slime:1)
  A rust devil (Depths:1)
  2 gargoyles
  A torpor snail (Lair:2)
  An orange demon (Depths:2)
  A cane toad (shapeshifter) (Vaults:3)
  18 cane toads
  6 centaur skeletons
  A white draconian zombie (Crypt:3)
  A catoblepas zombie (Crypt:2)
  2 yaktaur zombies
  2 human zombies
  An elf skeleton (Vaults:5)
  3 minotaur zombies (Gauntlet)
  A spectral redback (Spider:4)
  80 yaktaurs
  6 rime drakes
  2 yaktaurs (shapeshifter)
  2 golden dragon simulacra
  20 freezing wraiths
  5 ice devils (IceCv)
  3 efreet
  11 komodo dragons
  A human skeleton (Vaults:4)
  6 anaconda simulacra (IceCv)
  4 guardian mummies (Crypt:3)
  31 jumping spiders
  11 demonic crawlers
  3 spectral harpies (Crypt:3)
  2 trolls (shapeshifter)
  A hellwing (Gauntlet)
  A harpy zombie (Crypt:2)
  A queen bee (D:11)
  A red devil (Depths:2)
  3 tengu conjurers
  A queen bee (shapeshifter) (Depths:1)
  A sea snake skeleton (Crypt:2)
  10 trolls
  19 hornets
  3 polar bears
  2 spectral tarantellas (Spider:4)
  A shadow dragon simulacrum (Vaults:3)
  7 tyrant leeches
  A tyrant leech (shapeshifter) (Depths:4)
  A blink frog (shapeshifter) (D:14)
  Grinder (D:4)
  An ettin zombie (Depths:1)
  3 jumping spider zombies (Spider:4)
  3 spectral jumping spiders (Spider:4)
  10 blink frogs
  A human simulacrum (Vaults:3)
  A raiju (shapeshifter) (Depths:1)
  65 slime creatures
  8 dream sheep
  3 tarantella zombies (Spider:4)
  A fire giant simulacrum (Crypt:3)
  2 stone giant simulacra
  A dream sheep (shapeshifter) (Vaults:3)
  A frost giant simulacrum (Depths:1)
  3 air elementals
  An ettin skeleton (Vaults:2)
  6 shadows
  29 tarantellas
  12 water elementals
  2 dire elephant simulacra (IceCv)
  78 yaks
  68 redbacks
  7 wyverns
  14 wraiths
  5 vampires
  5 hogs
  A fire bat (shapeshifter) (Vaults:1)
  19 humans (D:14)
  2 fire elementals
  2 hogs (shapeshifter)
  2 basilisks (Lair:2)
  3 steam dragons
  15 vampire mosquitoes
  A neqoxec (Depths:2)
  A steam dragon (shapeshifter) (Depths:5)
  4 harpy simulacra (IceCv)
  16 swamp worms
  5 acid dragons
  6 wargs
  4 hydra simulacra
  11 soldier ants
  A spectral snapping turtle (Crypt:3)
  An iron troll simulacrum (IceCv)
  A hell hound (Depths:1)
  A floating eye (shapeshifter) (Vaults:2)
  18 water moccasins
  2 floating eyes
  A merfolk skeleton (Crypt:3)
  A cane toad skeleton (Crypt:2)
  45 orc warriors
  A spectral hornet (Spider:4)
  A faun skeleton (Crypt:1)
  9 swamp drakes
  38 ogres
  6 phantoms
  A lindwurm zombie (Crypt:2)
  A sky beast (shapeshifter) (Vaults:1)
  2 ice beasts
  A tengu (shapeshifter) (Vaults:5)
  A black bear (Lair:2)
  An elf zombie (Vaults:4)
  2 hornet zombies
  2 ettin simulacra (IceCv)
  3 eyes of draining
  12 wolves
  2 eyes of draining (shapeshifter)
  10 boggarts
  4 necrophages
  26 centaurs
  2 big kobolds (shapeshifter)
  A big kobold (D:9)
  A wyvern zombie (D:6)
  A gnoll sergeant (D:7)
  27 bullfrogs
  A yaktaur skeleton (Crypt:3)
  A cane toad simulacrum (Crypt:3)
  An earth elemental (Elf:1)
  11 scorpions
  A wyvern skeleton (D:14)
  A water moccasin skeleton (Crypt:1)
  3 troll zombies (D:11)
  A killer bee (shapeshifter) (Depths:5)
  28 killer bees
  2 snapping turtle simulacra (Crypt:3)
  15 wights
  4 howler monkeys
  4 electric eels
  A spriggan skeleton (Crypt:3)
  A lava snake (Swamp:4)
  6 crimson imps
  A draconian simulacrum (IceCv)
  3 quasits
  4 centaur zombies
  2 bullfrog zombies (Ossuary)
  3 bullfrog skeletons
  8 hounds
  39 orc wizards
  18 orc priests
  5 jellies
  An iguana (shapeshifter) (Vaults:5)
  5 iguanas
  A polar bear simulacrum (IceCv)
  2 spriggan simulacra (IceCv)
  13 hell rats
  26 worker ants
  A wolf simulacrum (IceCv)
  4 troll simulacra (IceCv)
  5 ogre zombies (D:11)
  A deep dwarf skeleton (Crypt:1)
  3 centaur simulacra (IceCv)
  A felid skeleton (Crypt:2)
  A naga skeleton (Crypt:1)
  2 hound zombies
  15 mummies
  3 howler monkey zombies
  2 worker ant zombies
  Robin (D:2)
  17 gnolls
  A howler monkey skeleton (D:7)
  A naga simulacrum (IceCv)
  3 ogre simulacra (IceCv)
  8 adders
  An adder (shapeshifter) (Depths:3)
  A steam dragon skeleton (Crypt:1)
  5 shadow imps
  11 white imps
  13 ufetubi
  An ooze (D:3)
  5 adder zombies
  2 adder skeletons
  9 worms
  A dart slug (D:2)
  6 leopard geckos
  100 orcs
  2 ball pythons (D:1)
  5 giant cockroaches
  20 goblins
  12 hobgoblins
  7 jackals
  A quokka (shapeshifter) (Vaults:5)
  11 quokkas
  7 bats
  4 frilled lizards
  A frilled lizard skeleton (Crypt:2)
  2 giant cockroach zombies (Ossuary)
  A gnoll skeleton (Crypt:3)
  2 goblin skeletons (D:11)
  3 goblin zombies (D:11)
  A hobgoblin skeleton (D:11)
  5 hobgoblin zombies (D:11)
  A jackal skeleton (D:6)
  2 jackal zombies (Ossuary)
  13 kobolds
  A leopard gecko skeleton (D:8)
  A leopard gecko zombie (Ossuary)
  2 orc skeletons (D:11)
  12 orc zombies (D:11)
  A quokka zombie (Ossuary)
  10 rats
  4 crawling corpses (Elf:3)
2660 creatures vanquished.

Vanquished Creatures (collateral kills)
  A yaktaur captain (Depths:3)
  A jumping spider zombie (Spider:4)
2 creatures vanquished.

Vanquished Creatures (others)
  A fire giant (Depths:4)
  A deep elf annihilator (Vaults:5)
  A swamp dragon (Swamp:4)
  2 orb spiders
  3 bloated husks
  A jumping spider (Spider:2)
  A hornet (Swamp:4)
  2 spriggans (Swamp:1)
  A tarantella (Spider:4)
  2 vampire mosquitoes (Swamp:1)
  A swamp worm (Swamp:3)
  4 swamp drakes (Swamp:4)
  2 orcs
  25 foxfires
  35 fungi
  100 plants
  6 withered plants (Ossuary)
188 creatures vanquished.

Grand Total: 2850 creatures vanquished

Notes
Turn   | Place    | Note
-------+----------+-------------------------------------------
     0 | D:1      | Glorbak the Gargoyle Fighter began the quest for the Orb.
     0 | D:1      | Reached XP level 1. HP: 14/14 MP: 1/1
   184 | D:1      | Reached XP level 2. HP: 19/19 MP: 2/2
   622 | D:1      | Reached XP level 3. HP: 23/23 MP: 3/3
   996 | D:2      | Noticed Robin
  1032 | D:2      | Killed Robin
  1037 | D:2      | Reached XP level 4. HP: 7/29 MP: 4/4
  1511 | D:2      | Reached skill level 4 in Shields
  1518 | D:2      | Found a radiant altar of Vehumet.
  2177 | D:3      | Found a hazy altar of Hepliaklqana.
  2193 | D:3      | Found a faded altar of an unknown god.
  2227 | D:3      | Found a shimmering altar of Xom.
  2282 | D:3      | Reached XP level 5. HP: 32/33 MP: 5/5
  2334 | D:3      | Found a blossoming altar of Fedhas.
  2481 | D:3      | Paralysed by a crimson imp for 4 turns
  2515 | D:3      | Reached XP level 6. HP: 37/39 MP: 6/6
  2683 | D:3      | Gained mutation: You are clumsy. (Dex -2) [potion of
                  | mutation]
  2683 | D:3      | Gained mutation: You expend magic power (3 MP) to
                  | strengthen your wands. [potion of mutation]
  2683 | D:3      | Gained mutation: You are robust. (+10% HP) [potion of
                  | mutation]
  2683 | D:3      | Gained mutation: Your movements are slightly less
                  | encumbered by armour. (ER -2) [potion of mutation]
  2739 | D:4      | Found Musaij's Book Emporium.
  2750 | D:4      | Noticed Grinder
  2760 | D:4      | Killed Grinder
  2761 | D:4      | Reached skill level 5 in Fighting
  2761 | D:4      | Reached skill level 5 in Armour
  2761 | D:4      | Reached skill level 5 in Shields
  2761 | D:4      | Reached XP level 7. HP: 48/48 MP: 7/7
  2763 | D:4      | Found a basalt altar of Yredelemnul.
  2835 | D:4      | Found a sand-covered staircase.
  2845 | Ossuary  | Entered an ossuary
  3455 | Ossuary  | Reached XP level 8. HP: 56/56 MP: 8/8
  3604 | Ossuary  | Lost mutation: You are clumsy. (Dex -2) [potion of
                  | mutation]
  3604 | Ossuary  | Lost mutation: You expend magic power (3 MP) to strengthen
                  | your wands. [potion of mutation]
  3604 | Ossuary  | Gained mutation: Scrolls take you a little longer to read.
                  | [potion of mutation]
  3604 | Ossuary  | Gained mutation: Scrolls take you longer to read. [potion
                  | of mutation]
  3604 | Ossuary  | Gained mutation: Your mind is acute. (Int +2) [potion of
                  | mutation]
  3816 | D:4      | Found a staircase to the Ecumenical Temple.
  3872 | Temple   | Entered the Ecumenical Temple
  4231 | D:4      | Reached skill level 6 in Shields
  4384 | D:5      | Entered Level 5 of the Dungeon
  4433 | D:5      | Reached skill level 5 in Maces & Flails
  4806 | D:5      | Found a shadowy altar of Dithmenos.
  4946 | D:5      | Found a bloodstained altar of Trog.
  4967 | D:5      | Found a sacrificial altar of Ru.
  5157 | D:5      | Found a stormy altar of Qazlal.
  5161 | D:5      | Noticed an air elemental
  5161 | D:5      | Noticed a water elemental
  5166 | D:5      | Became a worshipper of Qazlal Stormbringer
  5516 | D:6      | Reached skill level 7 in Shields
  5516 | D:6      | Reached XP level 9. HP: 55/61 MP: 9/9
  5881 | D:6      | Lost mutation: Scrolls take you longer to read. [potion of
                  | mutation]
  5881 | D:6      | Lost mutation: Your mind is acute. (Int +2) [potion of
                  | mutation]
  5881 | D:6      | Lost mutation: Scrolls take you a little longer to read.
                  | [potion of mutation]
  5881 | D:6      | Lost mutation: You are robust. (+10% HP) [potion of
                  | mutation]
  5881 | D:6      | Gained mutation: You are strong-willed. (Will+) [potion of
                  | mutation]
  5881 | D:6      | Gained mutation: You possess an exceptional clarity of
                  | mind. [potion of mutation]
  5915 | D:6      | Found an ornate altar of the Wu Jian Council.
  6439 | D:6      | Found an opulent altar of Gozag.
  6439 | D:6      | Found a glowing golden altar of the Shining One.
  6498 | D:7      | Found a broken altar of Ashenzari.
  6574 | D:8      | Reached * piety under Qazlal
  6642 | D:8      | Noticed a komodo dragon
  6643 | D:8      | Noticed a komodo dragon
  6695 | D:8      | Killed a komodo dragon
  6701 | D:8      | Killed a komodo dragon
  6702 | D:8      | Reached skill level 8 in Shields
  6811 | D:8      | Noticed Erica
  6823 | D:8      | Killed Erica
  6824 | D:8      | Reached XP level 10. HP: 62/65 MP: 10/10
  7111 | D:8      | Found a staircase to the Lair.
  7128 | D:8      | Found a transporter.
  7474 | D:8      | Noticed an ice statue
  7474 | D:8      | Noticed a centaur warrior
  7483 | D:8      | Found a transporter.
  7535 | D:8      | Noticed arta456's ghost (journeyman DECj)
  7712 | D:9      | Found a flagged portal.
  7722 | D:9      | Reached ** piety under Qazlal
  7723 | D:9      | Reached skill level 9 in Shields
  7732 | Bailey   | Entered a bailey
  8035 | Bailey   | Reached skill level 10 in Shields
  8435 | Bailey   | Reached skill level 11 in Shields
  8888 | D:9      | You fall into a shaft and drop 2 floors!
  8899 | D:11     | Reached XP level 11. HP: 69/69 MP: 11/11
  8922 | D:11     | Found a staircase to the Orcish Mines.
  8936 | D:11     | Noticed a red ugly thing
  8970 | D:11     | Killed a red ugly thing
  8989 | D:11     | Reached skill level 12 in Shields
  9003 | D:11     | Reached *** piety under Qazlal
  9361 | D:11     | Reached **** piety under Qazlal
  9484 | D:11     | Noticed a cyan ugly thing
  9495 | D:11     | Killed a cyan ugly thing
  9496 | D:11     | Reached skill level 13 in Shields
  9917 | D:10     | Entered Level 10 of the Dungeon
 10065 | D:10     | Noticed Harold
 10090 | D:10     | Killed Harold
 10118 | D:10     | Noticed a two-headed ogre
 10156 | D:10     | Killed a two-headed ogre
 10157 | D:10     | Reached skill level 14 in Shields
 10572 | D:10     | Found Wummir's Antique Weapon Shop.
 11152 | D:9      | Noticed a two-headed ogre
 11163 | D:9      | Killed a two-headed ogre
 11511 | D:9      | Reached ***** piety under Qazlal
 11757 | D:11     | Reached XP level 12. HP: 75/75 MP: 12/12
 12691 | D:12     | Noticed a five-headed hydra
 12701 | D:12     | Killed a five-headed hydra
 12702 | D:12     | Reached skill level 15 in Shields
 13109 | D:12     | Reached skill level 16 in Shields
 13298 | D:12     | Reached skill level 1 in Invocations
 14165 | D:13     | Noticed a centaur warrior
 14187 | D:13     | Killed a centaur warrior
 14805 | D:13     | Reached XP level 13. HP: 75/82 MP: 13/16
 15049 | D:13     | Reached skill level 10 in Fighting
 15049 | D:13     | Reached skill level 10 in Armour
 15728 | D:14     | Reached skill level 5 in Invocations
 15895 | D:14     | Noticed a vault guard
 15930 | D:14     | Killed a vault guard
 16009 | D:14     | Found a gate to the Vaults.
 16156 | D:13     | Reached ****** piety under Qazlal
 16567 | D:14     | Reached skill level 10 in Maces & Flails
 17259 | D:15     | Entered Level 15 of the Dungeon
 17277 | D:15     | Noticed Kirke
 17481 | D:14     | Killed Kirke
 17482 | D:14     | Gained mutation: Your large and strong wings let you fly
                  | indefinitely. [Gargoyle growth]
 17482 | D:14     | Reached XP level 14. HP: 82/90 MP: 19/19
 18535 | D:15     | Noticed Rupert
 18572 | D:15     | Killed Rupert
 19595 | D:15     | Got a jet-encrusted scale mail
 19606 | D:15     | Identified the +6 scale mail of Watchfulness {Harm Int+3}
                  | (You found it on level 15 of the Dungeon)
 19667 | D:15     | Found a staircase to the Depths.
 19711 | D:15     | Found a portal to a secret trove of treasure.
 19889 | Lair:1   | Entered Level 1 of the Lair of Beasts
 20060 | Lair:1   | Noticed Joseph
 20072 | Lair:1   | Killed Joseph
 21687 | Lair:2   | Reached XP level 15. HP: 85/94 MP: 20/20
 21875 | Lair:2   | Reached skill level 15 in Maces & Flails
 23025 | Lair:2   | Found a hole to the Spider Nest.
 23163 | Lair:2   | Identified a scroll of acquirement
 23166 | Lair:2   | Acquired a +1 eveningstar of freezing
 24286 | D:7      | Found an iron altar of Okawaru.
 24599 | D:7      | Got the ring of Iwufutsu {+Fly}
 24887 | D:4      | Bought a manual of Armour for 1324 gold pieces
 25823 | Lair:4   | Found a staircase to the Swamp.
 26552 | Lair:5   | Found a gate leading to a gauntlet.
 26561 | Gauntlet | Entered a Gauntlet
 26561 | Gauntlet | Found a transporter.
 26570 | Gauntlet | Found a transporter.
 26585 | Gauntlet | Found a transporter.
 26593 | Gauntlet | Found a transporter.
 26613 | Gauntlet | Found a transporter.
 26632 | Gauntlet | Found a transporter.
 26644 | Gauntlet | Found a transporter.
 26649 | Gauntlet | Found a transporter.
 26678 | Gauntlet | Found a transporter.
 26690 | Gauntlet | Found a transporter.
 26702 | Gauntlet | Found a transporter.
 26719 | Gauntlet | Found a transporter.
 26739 | Gauntlet | Found a transporter.
 26741 | Gauntlet | Found a transporter.
 26777 | Gauntlet | Found a transporter.
 26777 | Gauntlet | Found a transporter.
 26779 | Gauntlet | Found a transporter.
 26832 | Gauntlet | Found a transporter.
 26880 | Gauntlet | Got a shimmering iron amulet
 26895 | Gauntlet | Identified the amulet "Peothu" {Spirit Str+4} (You found it
                  | in a Gauntlet)
 26934 | Gauntlet | Reached XP level 16. HP: 30/103 MP: 7/23
 27315 | Gauntlet | Got a pitted granite ring
 27317 | Gauntlet | Identified the ring "Awuul" {Str+5 Stlth+} (You found it in
                  | a Gauntlet)
 27321 | Gauntlet | Identified the ring of Numuly {+Fly Stlth+}
 27927 | Lair:5   | HP: 3/103 [acid (12)]
 29277 | Lair:5   | Got a shimmering granite ring
 29279 | Lair:5   | Identified the ring "Laoddogh" {rC+ Dex+3 SInv} (You found
                  | it on level 5 of the Lair of Beasts)
 29547 | Lair:6   | Entered Level 6 of the Lair of Beasts
 29679 | Lair:6   | Reached skill level 10 in Invocations
 29696 | Lair:6   | Found a staircase to the Slime Pits.
 29703 | Lair:6   | Found a viscous altar of Jiyva.
 30178 | Lair:6   | Found a large runed translucent door.
 30178 | Lair:6   | Found a large runed translucent door.
 30178 | Lair:6   | Noticed Ikheod's ghost (journeyman MfGl)
 31074 | Lair:6   | Got a dazzling leather armour
 31085 | Lair:6   | Identified the +2 leather armour of Bright Surprise {rF+
                  | Str+2 Slay+3 Stlth+} (You found it on level 6 of the Lair
                  | of Beasts)
 31202 | Lair:6   | Killed Ikheod's ghost
 31424 | Orc:1    | Entered Level 1 of the Orcish Mines
 31485 | Orc:1    | Found a roughly hewn altar of Beogh.
 31488 | Orc:1    | Found Suusmoimoi's Magic Scroll Shoppe.
 31582 | Orc:1    | Learned a level 1 spell: Sandblast
 31634 | Orc:1    | Reached skill level 1 in Earth Magic
 32132 | Orc:2    | Entered Level 2 of the Orcish Mines
 32344 | Orc:2    | Found Jatwud's Jewellery Emporium.
 32362 | Orc:2    | Found a staircase to the Elven Halls.
 32629 | Orc:2    | Found Joschott's Distillery.
 32634 | Orc:2    | Reached skill level 15 in Armour
 32649 | Orc:2    | Paralysed by an ogre mage for 6 turns
 32685 | Orc:2    | Bought 2 potions of heal wounds for 140 gold pieces
 32685 | Orc:2    | Bought a potion of invisibility for 112 gold pieces
 32685 | Orc:2    | Bought a potion of might for 56 gold pieces
 32702 | Orc:2    | Found a radiant altar of Vehumet.
 32702 | Orc:2    | Noticed Erolcha
 32707 | Orc:2    | Killed Erolcha
 32744 | Orc:2    | Found Fimased's Antique Weapon Shop.
 32777 | Orc:2    | Noticed Nergalle
 32794 | Orc:2    | Killed Nergalle
 32795 | Orc:2    | Reached XP level 17. HP: 107/109 MP: 25/25
 32812 | Orc:2    | Found an ancient bone altar of Kikubaaqudgha.
 32839 | Orc:2    | Found a roughly hewn altar of Beogh.
 32853 | Orc:2    | Found Xuplugru's Book Shop.
 32857 | Orc:2    | Found Jinos's Distillery.
 32868 | Orc:2    | Bought a potion of heal wounds for 80 gold pieces
 32868 | Orc:2    | Bought a potion of heal wounds for 80 gold pieces
 32868 | Orc:2    | Bought a potion of heal wounds for 80 gold pieces
 33286 | Swamp:1  | Entered Level 1 of the Swamp
 33592 | Lair:4   | Reached skill level 5 in Earth Magic
 34203 | Swamp:1  | Got an ancient cloak
 34209 | Swamp:1  | Identified the +0 cloak of Floral Birdsong {rElec} (You
                  | found it on level 1 of the Swamp)
 35022 | Swamp:2  | Found a frozen archway.
 35031 | IceCv    | Entered an ice cave
 35578 | IceCv    | Noticed an Ice Fiend
 35591 | IceCv    | Killed an Ice Fiend
 36282 | IceCv    | Got an ichor-stained hat
 36293 | IceCv    | Identified the +1 hat "Fazooch" {rC+ Str+4} (You found it
                  | in an ice cave)
 36536 | Swamp:2  | Noticed a tentacled monstrosity
 36549 | Swamp:2  | Killed a tentacled monstrosity
 36556 | Swamp:2  | Learned a level 2 spell: Passwall
 37715 | Swamp:3  | Noticed Jorgrun
 37723 | Swamp:3  | Killed Jorgrun
 38170 | Swamp:4  | Entered Level 4 of the Swamp
 38374 | Swamp:4  | Reached XP level 18. HP: 91/117 MP: 21/27
 38604 | Swamp:4  | Noticed Bai Suzhen
 38642 | Swamp:3  | Killed Bai Suzhen
 38643 | Swamp:3  | Reached skill level 15 in Fighting
 39595 | Swamp:4  | Got a decaying rune of Zot
 39848 | Spider:1 | Entered Level 1 of the Spider Nest
 40058 | Spider:1 | Noticed Frances
 40067 | Spider:1 | Killed Frances
 40155 | Spider:1 | Noticed Josephine
 40167 | Spider:1 | Killed Josephine
 40298 | Spider:1 | Got a faintly glowing cloak
 40309 | Spider:1 | Identified the cursed +0 cloak "Voagu" {rF+ rC+ Dex-3
                  | Slay+5} (You found it on level 1 of the Spider Nest)
 40784 | Spider:2 | Noticed Arachne
 41321 | Spider:1 | Killed Arachne
 41322 | Spider:1 | Reached skill level 17 in Shields
 41849 | Spider:2 | Reached XP level 19. HP: 113/125 MP: 25/28
 42195 | Spider:3 | Noticed Aizul
 42292 | Spider:2 | Killed Aizul
 42410 | Spider:3 | Reached skill level 18 in Shields
 42985 | Spider:4 | Entered Level 4 of the Spider Nest
 43000 | Spider:4 | Noticed Agnes
 43015 | Spider:4 | Killed Agnes
 43515 | Spider:4 | Found a runed translucent gate.
 43515 | Spider:4 | Found a runed translucent gate.
 43516 | Spider:4 | Found a runed translucent gate.
 43516 | Spider:4 | Noticed Aviun's ghost (adept SpEn)
 43559 | Spider:4 | Identified Roxanne's Almanac of Earth
 43559 | Spider:4 | Noticed Roxanne
 43577 | Spider:4 | Killed Roxanne
 43862 | Spider:4 | Killed Aviun's ghost
 43994 | Spider:4 | Reached skill level 19 in Shields
 44141 | Spider:4 | Noticed Asterion
 44149 | Spider:4 | Killed Asterion
 44431 | Spider:4 | Reached skill level 20 in Shields
 44610 | Spider:4 | Got a gossamer rune of Zot
 45041 | Vaults:1 | Entered Level 1 of the Vaults
 45171 | Vaults:1 | Reached XP level 20. HP: 131/131 MP: 29/29
 45709 | Vaults:1 | Reached skill level 21 in Shields
 46389 | Vaults:1 | Learned a level 2 spell: Wereblood
 46586 | Vaults:2 | Found Zorchiqo's Distillery.
 47013 | Vaults:2 | Reached skill level 22 in Shields
 47053 | Vaults:2 | Noticed Saint Roka
 47070 | Vaults:2 | Gained mutation: You are weak. (Str -2) [a neqoxec]
 47088 | Vaults:2 | Killed Saint Roka
 47143 | Vaults:2 | Noticed Margery
 47250 | Vaults:2 | Killed Margery
 47408 | Vaults:2 | Found Qon Abbu's Antique Armour Emporium.
 47422 | Vaults:2 | Paralysed by an ogre mage for 2 turns
 47636 | Vaults:2 | Found Iwashorph's Distillery.
 47642 | Vaults:2 | Bought a potion of heal wounds for 60 gold pieces
 47642 | Vaults:2 | Bought a potion of might for 48 gold pieces
 47642 | Vaults:2 | Bought a potion of might for 48 gold pieces
 47744 | Vaults:2 | Reached XP level 21. HP: 116/136 MP: 25/30
 47748 | Vaults:2 | Reached skill level 23 in Shields
 47803 | Vaults:2 | Got a slimy ring mail
 47814 | Vaults:2 | Identified the +5 ring mail "Vamoy" {rElec rPois rC+} (You
                  | found it on level 2 of the Vaults)
 48111 | Orc:2    | Bought a potion of mutation for 112 gold pieces
 48337 | Vaults:2 | Bought a potion of mutation for 96 gold pieces
 48337 | Vaults:2 | Lost mutation: You are strong-willed. (Will+) [potion of
                  | mutation]
 48337 | Vaults:2 | Lost mutation: You are weak. (Str -2) [potion of mutation]
 48337 | Vaults:2 | Lost mutation: You possess an exceptional clarity of mind.
                  | [potion of mutation]
 48337 | Vaults:2 | Gained mutation: Your magical capacity is low. (-10% MP)
                  | [potion of mutation]
 48337 | Vaults:2 | Lost mutation: Your magical capacity is low. (-10% MP)
                  | [potion of mutation]
 48337 | Vaults:2 | Gained mutation: Your skin changes colour to match your
                  | surroundings (Stealth+). [potion of mutation]
 48338 | Vaults:2 | Lost mutation: Your movements are slightly less encumbered
                  | by armour. (ER -2) [potion of mutation]
 48338 | Vaults:2 | Gained mutation: You are partially covered in molten
                  | scales. (AC +2) [potion of mutation]
 48338 | Vaults:2 | Gained mutation: You are partially covered in rugged brown
                  | scales. (AC +1, +3% HP) [potion of mutation]
 48338 | Vaults:2 | Gained mutation: You have a pair of small antennae on your
                  | head. [potion of mutation]
 48604 | Vaults:2 | Found Puujets's Antique Armour Shop.
 48617 | Vaults:2 | Bought a bloodstained chain mail for 285 gold pieces
 48627 | Vaults:2 | Identified the +5 chain mail of the Nine Persimmons {Will+
                  | Str+4} (You bought it in a shop on level 2 of the Vaults)
 48661 | Vaults:2 | Found Tudikk's General Store.
 48666 | Vaults:2 | Noticed Mara
 48669 | Vaults:2 | Noticed Glorbak's illusion
 48693 | Vaults:2 | Killed Mara
 48697 | Vaults:2 | Bought quicksilver dragon scales for 1080 gold pieces
 49650 | Vaults:3 | Identified the ring of Niwydati {Fire Will+}
 49666 | Vaults:3 | Reached skill level 24 in Shields
 50643 | Vaults:3 | Reached skill level 25 in Shields
 50961 | Vaults:3 | Found the +2 hood of the Assassin {Detection Stab+ Stlth++}
 51082 | Vaults:3 | Reached XP level 22. HP: 145/145 MP: 31/31
 51090 | Vaults:3 | Reached skill level 1 in Spellcasting
 51133 | Vaults:3 | Reached skill level 1 in Dodging
 51161 | Vaults:3 | Found Veateower's Jewellery Boutique.
 51350 | Vaults:3 | Found a staircase to the Crypt.
 51765 | Vaults:4 | Identified the +2 kite shield "Xaumell" {rElec rPois rCorr
                  | Dex-2}
 52260 | Vaults:4 | Found Vuuqach's Jewellery Shoppe.
 53078 | Elf:1    | Entered Level 1 of the Elven Halls
 53082 | Elf:1    | Reached skill level 10 in Earth Magic
 53225 | Elf:1    | Identified the amulet of Apsaib {RegenMP rN+++ Will+++
                  | Str-2 Int-4}
 53315 | Elf:1    | Found Muohev's General Store.
 54206 | Elf:2    | Found Zidweoto's General Store.
 54259 | Elf:2    | Learned a level 3 spell: Stone Arrow
 54355 | Elf:2    | Learned a level 5 spell: Lee's Rapid Deconstruction
 54412 | Elf:2    | Found a runed translucent gate.
 54412 | Elf:2    | Found a runed translucent gate.
 54412 | Elf:2    | Found a runed translucent gate.
 54442 | Elf:2    | Reached skill level 1 in Transmutations
 54763 | Elf:2    | Reached XP level 23. HP: 147/152 MP: 25/33
 55356 | Vaults:2 | Bought a pair of glowing gloves for 345 gold pieces
 55373 | Vaults:2 | Learned a level 4 spell: Petrify
 55375 | Vaults:2 | Learned a level 1 spell: Beastly Appendage
 55785 | D:8      | Killed arta456's ghost
 56023 | Depths:1 | Entered Level 1 of the Depths
 56051 | Depths:1 | Paralysed by a vampire knight for 6 turns
 56222 | Depths:1 | Found a gateway to a ziggurat.
 56501 | Depths:1 | Found a gateway to Hell.
 56865 | Depths:2 | Gained mutation: Your magical capacity is low. (-10% MP) [a
                  | cacodemon]
 56881 | Depths:1 | Reached skill level 5 in Spellcasting
 56996 | Depths:2 | Found a one-way gate leading to the halls of Pandemonium.
 57899 | Depths:2 | Identified the cursed +0 rapier of Exchange {chaos, Dex+3
                  | Stlth+}
 58494 | Depths:3 | Noticed a caustic shrike
 58511 | Depths:3 | Reached skill level 5 in Dodging
 58513 | Depths:3 | Killed a caustic shrike
 58516 | Depths:3 | Noticed a caustic shrike
 58727 | Depths:3 | Paralysed by a floating eye for 3 turns
 58737 | Depths:3 | Noticed a juggernaut
 58746 | Depths:3 | Paralysed by a floating eye for 3 turns
 58755 | Depths:3 | Killed a caustic shrike
 58756 | Depths:3 | Reached skill level 5 in Transmutations
 58765 | Depths:3 | Killed a juggernaut
 58789 | Depths:3 | Paralysed by a floating eye for 4 turns
 58805 | Depths:3 | Reached XP level 24. HP: 56/158 MP: 5/30
 58824 | Depths:3 | Identified the +9 scythe of Evil {vorpal, +Rage}
 59166 | Depths:3 | Found a flickering gateway to a bazaar.
 59216 | Bazaar   | Entered a bazaar
 59216 | Bazaar   | Found Zuj Jenka's Book Shoppe.
 59216 | Bazaar   | Found Sicimy's Weapon Emporium.
 59271 | Bazaar   | Found Ofeokhlai's Weapon Shoppe.
 59287 | Bazaar   | Found Liarea's Gadget Emporium.
 59929 | Vaults:4 | Bought the ring "Seadexti" {rF+ Dex+5} for 722 gold pieces
 60443 | Depths:3 | Found a one-way gate to the infinite horrors of the Abyss.
 60444 | Depths:3 | Found a corrupted altar of Lugonu.
 60556 | Depths:3 | Identified the Catalogue of Dark Clay
 60570 | Depths:3 | Learned a level 4 spell: Leda's Liquefaction
 60576 | Depths:3 | Found an ancient bone altar of Kikubaaqudgha.
 60577 | Depths:3 | Found a hide-covered altar of Uskayaw.
 60578 | Depths:3 | Found a snail-covered altar of Cheibriados.
 60578 | Depths:3 | Found an ornate altar of the Wu Jian Council.
 61108 | Depths:4 | Got a glittering tin amulet
 61119 | Depths:4 | Identified the amulet of Scepticism {RegenMP +Inv rC+} (You
                  | found it on level 4 of the Depths)
 61395 | Depths:4 | Noticed a juggernaut
 61416 | Depths:4 | Killed a juggernaut
 61457 | Depths:4 | Reached skill level 15 in Invocations
 62687 | Depths:4 | Gained mutation: You are clumsy. (Dex -2) [a cacodemon]
 62980 | Depths:4 | Noticed a caustic shrike
 62983 | Depths:4 | Noticed a caustic shrike
 62987 | Depths:4 | Noticed a caustic shrike
 62994 | Depths:4 | Killed a caustic shrike
 63009 | Depths:4 | Killed a caustic shrike
 63010 | Depths:4 | Reached XP level 25. HP: 131/165 MP: 22/30
 63461 | Depths:4 | Identified the Grimoire of Summoning
 63579 | Depths:4 | Lost mutation: Your magical capacity is low. (-10% MP)
                  | [potion of mutation]
 63579 | Depths:4 | Lost mutation: You are clumsy. (Dex -2) [potion of
                  | mutation]
 63579 | Depths:4 | Lost mutation: You are partially covered in rugged brown
                  | scales. (AC +1, +3% HP) [potion of mutation]
 63579 | Depths:4 | Lost mutation: You are partially covered in molten scales.
                  | (AC +2) [potion of mutation]
 63579 | Depths:4 | Gained mutation: Your magical capacity is low. (-10% MP)
                  | [potion of mutation]
 63579 | Depths:4 | Gained mutation: You have sharp toenails. [potion of
                  | mutation]
 63658 | Depths:5 | Entered Level 5 of the Depths
 64654 | Depths:5 | Found a gate to the Realm of Zot.
 65352 | Crypt:1  | Entered Level 1 of the Crypt
 65379 | Crypt:1  | Noticed Frederick
 65413 | Crypt:1  | Killed Frederick
 65446 | Crypt:1  | Reached skill level 15 in Earth Magic
 65659 | Crypt:1  | Got an ichor-stained scale mail
 65670 | Crypt:1  | Identified the +5 scale mail of Imperfection {Harm rF+
                  | SInv} (You found it on level 1 of the Crypt)
 67102 | Crypt:3  | Entered Level 3 of the Crypt
 67240 | Crypt:3  | Reached XP level 26. HP: 115/168 MP: 26/32
 67542 | Crypt:3  | Found a staircase to the Tomb.
 68467 | Crypt:3  | Identified the Compendium of Unholy Earth
 68482 | Crypt:3  | Got a warped silver ring
 68482 | Crypt:3  | Got a glittering iron ring
 68514 | Crypt:3  | Identified the ring of Temptation {rF+ rC+ rN+ Will+ Str-3}
                  | (You found it on level 3 of the Crypt)
 68516 | Crypt:3  | Identified the ring of Symmetry {rElec rN+ Str+4} (You
                  | found it on level 3 of the Crypt)
 68872 | Crypt:3  | Got a jewelled ring mail
 68883 | Crypt:3  | Identified the +3 ring mail of Marbles {*Slow Int+4 Dex+4}
                  | (You found it on level 3 of the Crypt)
 69087 | Vaults:4 | Bought the amulet "Miynodaz" {Reflect +Inv SH+5} for 748
                  | gold pieces
 69812 | Elf:3    | Entered Level 3 of the Elven Halls
 69875 | Elf:3    | Lost mutation: You have sharp toenails. [potion of
                  | mutation]
 69875 | Elf:3    | Lost mutation: Your magical capacity is low. (-10% MP)
                  | [potion of mutation]
 69875 | Elf:3    | Gained mutation: You have supernaturally acute eyesight.
                  | (SInv) [potion of mutation]
 69875 | Elf:3    | Gained mutation: You are partially covered in icy blue
                  | scales. (AC +2) [potion of mutation]
 70750 | Elf:3    | Reached skill level 10 in Spellcasting
 70773 | Elf:3    | Cast into level 3 of the Abyss (a deep elf sorcerer)
 70773 | Abyss:3  | Found a corrupted altar of Lugonu.
 70804 | Abyss:3  | Paralysed by accursed screaming for 1 turns
 70809 | Abyss:3  | Paralysed by accursed screaming for 1 turns
 70812 | Elf:3    | Escaped the Abyss
 71096 | Elf:3    | Identified the +9 war axe of Insomnia {pain, rPois rC+ MP-9
                  | Dex+4}
 71399 | Elf:3    | Identified the ring of Lustrusit {*Tele +Inv rF- Str+5}
 71414 | Elf:3    | Identified the +2 short sword of the Poles {venom, *Slow
                  | rF- rC+ Int+8}
 71706 | Elf:3    | Identified Ziolaxt's Handbook of Summoning and Black Magic
 71710 | Elf:3    | Identified An Early Guide to Wizardry
 71727 | Elf:3    | Identified Epsir's Almanac of Conjuration and the Frostbite
 71732 | Elf:3    | Identified the Guide on Black Rituals and the Frostbite
 71751 | Elf:3    | Got an ancient scale mail
 71762 | Elf:3    | Identified the +1 scale mail "Fizaq" {rC+ Slay+2} (You
                  | found it on level 3 of the Elven Halls)
 71972 | Elf:3    | Identified the +1 leather armour of Kafiad {Stlth+}
 71982 | Elf:3    | Identified the amulet of Guufid {Acrobat *Slow rElec Str-5
                  | SInv}
 72040 | Elf:3    | Identified the +3 leather armour of Wonder {Int+3 Slay+3}
                  | (You found it on level 3 of the Elven Halls)
 72101 | Elf:3    | Found an ancient bone altar of Kikubaaqudgha.
 72571 | Vaults:5 | Entered Level 5 of the Vaults
 72573 | Vaults:5 | Noticed an ancient lich
 72606 | Vaults:4 | Reached XP level 27. HP: 175/176 MP: 37/37
 72633 | Vaults:4 | Killed an ancient lich
 73213 | Vaults:5 | Reached skill level 10 in Transmutations
 73264 | Vaults:4 | Reached skill level 10 in Dodging
 74436 | Vaults:5 | Got a twitching jade ring
 74438 | Vaults:5 | Identified the ring of Gluttony {rF+ Will+ Stlth-} (You
                  | found it on level 5 of the Vaults)
 74576 | Vaults:5 | Got a heavily runed tower shield
 74586 | Vaults:5 | Identified the +8 tower shield of Thoughtfulness {rCorr
                  | Int+4} (You found it on level 5 of the Vaults)
 75186 | Vaults:5 | Got a silver rune of Zot
 75488 | Vaults:5 | Learned a level 5 spell: Borgnjor's Vile Clutch
 75498 | Vaults:5 | Learned a level 9 spell: Shatter
 75617 | Vaults:3 | Bought the ring of the Past {Int+2 Slay+4} for 1873 gold
                  | pieces
 76039 | Slime:1  | Entered Level 1 of the Pits of Slime
 76574 | Slime:2  | Gained mutation: You are clumsy. (Dex -2) [a shining eye]
 76615 | Slime:1  | Gained mutation: You occasionally shout uncontrollably at
                  | your foes. [a shining eye]
 76742 | Slime:2  | Gained mutation: You are weak. (Str -2) [a shining eye]
 76839 | Lair:6   | Lost mutation: You are partially covered in icy blue
                  | scales. (AC +2) [potion of mutation]
 76839 | Lair:6   | Lost mutation: You are clumsy. (Dex -2) [potion of
                  | mutation]
 76839 | Lair:6   | Lost mutation: You are weak. (Str -2) [potion of mutation]
 76839 | Lair:6   | Gained mutation: You have sharp toenails. [potion of
                  | mutation]
 76839 | Lair:6   | Gained mutation: Your muscles are strong. (Str +2) [potion
                  | of mutation]
 77237 | Zot:1    | Entered Level 1 of the Realm of Zot
 77241 | Zot:1    | Noticed a juggernaut
 77250 | Zot:1    | Noticed an ancient lich
 77276 | Depths:5 | Killed a juggernaut
 77424 | Zot:1    | Killed from afar by an ancient lich

Illustrated notes

Levels and vault maps discovered:
D:1:      moated_graveyard_arrival, layout_basic, minmay_misc_feat_tower
D:2:      layout_loops_ring, lemuel_coloured_pillars_altar, uniq_robin
D:3:      layout_basic, led_xom_imps, lemuel_doored_altar,
          chequers_ecumenical_altar_simple, fedhas_altar_3
D:4:      layout_gridville, lemuel_round_altar, minmay_temple_entry_hall,
          gup_ossuary_entry_pyramid, serial_shops, shop,
          chequers_serial_rivers_micro_d, uniq_grinder
D:5:      layout_basic, general_overflow_altar,
          nicolae_qazlal_style_of_elements, grunt_dithmenos_shadows,
          nicolae_ru_awakened_eye
D:6:      layout_cave_pools, nzn_wu_jian_contemplation,
          amethyst_overflow_temple_binary, serial_column_ruins,
          column_ruins_circle_small, column_ruins_courtyard_long,
          column_ruins_grid_1, column_ruins_open_tiny,
          column_ruins_corridor_straight, column_ruins_open_large,
          minmay_manual_maat
D:7:      statuecave_lemuel, layout_layer_cave, nicolae_overflow_hidden_temple,
          nicolae_overflow_crystal_walls
D:8:      layout_loops_ring, grunt_lair_entry_orc_guard_hut, nzn_ghost_randoct,
          grunt_decor_mini_mirrors, uniq_erica
D:9:      layout_basic, enter_bailey_5
D:10:     layout_long_grid, serial_shops, nicolae_shop_window_shopping,
          kennysheep_cluttered_room, uniq_harold
D:11:     layout_loops_cross, zombieorc2_lemuel, serial_aquarium,
          aquarium_bridge_straight [aquarium_subvault_bridge,
          aquarium_subvault_balcony, aquarium_subvault_bridge,
          aquarium_subvault_window], aquarium_window_corner,
          aquarium_window_fake, aquarium_view_2f, aquarium_balcony_5a,
          aquarium_pool_1, hive_lemuel
D:12:     layout_roguey
D:13:     layout_gridville
D:14:     layout_roguey, grunt_vaults_entry_tiered,
          minmay_misc_feat_secret_circle, kennysheep_nub
D:15:     grunt_enter_depths_snipers, layout_cave_pools,
          chequers_serial_rivers_micro_e, enter_trove_3, uniq_kirke, uniq_rupert
Temple:   grunt_temple_mini_profane
Lair:1:   layout_cave_pods, hibernation_bobbens, uniq_joseph
Lair:2:   nzn_winding_woodlands_huge [nzn_winding_woodlands_5x15_pathside_ponds,
          nzn_winding_woodlands_5x15_concentric,
          nzn_winding_woodlands_5x15_cabin, nzn_winding_woodlands_5x15_pool,
          nzn_winding_woodlands_5x15_jagged, nzn_winding_woodlands_5x15_parted,
          nzn_winding_woodlands_5x15_lazy_stream,
          nzn_winding_woodlands_5x15_twine, nzn_winding_woodlands_5x15_sawtooth,
          nzn_winding_woodlands_5x15_pockets,
          nzn_winding_woodlands_center_lodge,
          nzn_winding_woodlands_center_diamonds,
          nzn_winding_woodlands_15x15_killbox], layout_regular_city,
          spider_nest_entry_funnel_web
Lair:3:   layout_regular_city
Lair:4:   layout_cave_pods, swamp_mist
Lair:5:   layout_regular_city, gauntlet_entry_generic, minmay_lair_oklob_chamber
Lair:6:   due_jungle_book, layout_regular_city, slime_altar_1,
          ebering_ghost_disaster_area
Swamp:1:  layout_basic_swamp, serial_swamp_ruin, evilmike_swamp_ruin_house_3,
          hangedman_swamp_ruin_wall, infiniplex_staircase_pool_2
Swamp:2:  cheibrodos_swamp_monstrosity, layout_falls_marsh,
          portal_ice_cave_entry_ice_statue_two, nicolae_swamp_little_tower
Swamp:3:  layout_basic_swamp, evilmike_swamp_ruin_rubble_1, swamp_pool3,
          uniq_jorgrun
Swamp:4:  swamp_fiery, layout_basic_swamp, swamp_pool1,
          infiniplex_staircase_pool, uniq_bai_suzhen
Spider:1: layout_spider_delve, minmay_another_anthill, uniq_frances,
          uniq_josephine
Spider:2: layout_spider_delve, nicolae_spider_nook, uniq_arachne
Spider:3: layout_spider_delve, uniq_aizul
Spider:4: floodkiller_spider_rune_tomb, gammafunk_ghost_split, uniq_agnes,
          uniq_asterion, uniq_roxanne
Slime:1:  layout_caves
Slime:2:  layout_caves
Orc:1:    layout_caves, basic_altar, serial_shops, shop,
          statue_in_the_mist_lemuel, nicolae_orc_pool_cavern,
          guppyfry_library_mini
Orc:2:    kennysheep_orc_mage_school, layout_diamond_mine, serial_shops, shop
Elf:1:    elf_arrival_002, layout_gridlike, serial_shops, shop,
          evilmike_minifort
Elf:2:    layout_gridlike, serial_shops, shop, minivault_14
Elf:3:    minmay_elf_hall_not_hex, layout_geoelf_octagon, basic_altar,
          dk_noncrumbling_2, corexii_leaking_fountain
Vaults:1: st_diamondy, nicolae_vaults_network_barrier,
          ontoclasm_vaults_shuriken, v_misc_33, nicolae_vaults_specimen_jars,
          ontoclasm_vaults_loading_screen, v_pattern_1, v_misc_26, v_rooms_2,
          grunt_vaults_hallway_short, ontoclasm_vaults_ring_small,
          vaults_room_ringed_pool, v_misc_3, vaults_dpeg_encased_lava,
          v_misc_19, nicolae_vaults_little_squares_3, vaults_dpeg_ring,
          hangedman_vaults_corner_blocks, layout_vaults_omnibox
Vaults:2: hangedman_vaults_corner, grunt_vaults_hallway_short,
          nicolae_vaults_network_s, v_misc_4, hangedman_vaults_river_flow,
          v_pattern_3, vaults_mumra_minichess, ontoclasm_vaults_gateway,
          nicolae_vaults_little_squares_4, layout_vaults_big_room, serial_shops,
          nicolae_shop_crystal, shop, shop, shop_fountains,
          nicolae_shop_waterfront, uniq_margery, uniq_mara, uniq_saint_roka
Vaults:3: v_alt_pattern_5, hangedman_vaults_cutoff, v_rooms_5,
          ontoclasm_vaults_eye, nicolae_vaults_triangles,
          minmay_crypt_entry_vampire_xt, vaults_room_hangedman_quadrants,
          v_pattern_2, ontoclasm_vaults_tryst, grunt_vaults_focal,
          layout_vaults_omnicross, serial_shops, shop
Vaults:4: v_misc_11, ontoclasm_vaults_hangar, nicolae_vaults_three_branches,
          nicolae_vaults_angled_halls, hangedman_vaults_corner_blocks,
          grunt_vaults_diagonal, v_misc_30, ontoclasm_vaults_bender,
          vaults_mumra_chevron_long, vaults_room_pools,
          nicolae_vaults_little_squares_4, v_misc_23,
          nicolae_vaults_little_squares_4, v_misc_10, layout_vaults_maze_bifur,
          serial_shops, shop
Vaults:5
Crypt:1:  layout_rooms, uniq_frederick
Crypt:2:  layout_rooms
Crypt:3:  due_elkab, layout_chaotic_city, tomb_entry_simple_bobbens
Depths:1: layout_cave_shapes, enter_ziggurat_d, minmay_misc_feat_ornament,
          grunt_mini_vestibule, minmay_holes, grunt_decor_one_mirror,
          lemuel_flame_loot_1
Depths:2: cheibrodos_quadrivalence, layout_cave_pools, hangedman_coc_ice_floe,
          grunt_decor_junction, grunt_pan_entry_spiral, horrible_house_mu,
          infiniplex_staircase_x
Depths:3: minmay_the_grid_octo_tiled_squarecenter
          [minmay_the_grid_octo_pinwheel, minmay_the_grid_octo_teeth,
          minmay_the_grid_octo_77, minmay_the_grid_octo_shrine,
          minmay_the_grid_square_5x5_megaprize_open,
          minmay_the_grid_square_5x5_tetrominoes,
          minmay_the_grid_square_5x5_dogpile, minmay_the_grid_square_5x5_empty,
          minmay_the_grid_square_5x5_inner_i], layout_honeycomb,
          chequers_serial_rivers_micro_d, serial_shops, bzr_entry_customers,
          rand_demon_pan_entry_4, hell_entry, abyss_entry_flame_altar,
          minmay_misc_feat_doors
Depths:4: grunt_runaround [grunt_runaround_doors_1, grunt_runaround_doors_2,
          grunt_runaround_doors_3, grunt_runaround_doors_4,
          grunt_runaround_loot], hell_entry, serial_shops, abyss_entry
Depths:5: grunt_zot_entry_pinwheel, layout_gridlike,
          hangedman_abyss_or_decor_jellyfish_corner, hell_entry,
          chequers_serial_rivers_room_a, serial_bayou_lagoon_a
Zot:1:    ebering_greatest_show_in_zot, layout_misc_corridors,
          grunt_megastairs_2

Skill      XL: |  1  2  3  4  5  6  7  8  9 10 11 12 13 14 15 16 17 18 19 20 21 22 23 24 25 26 27 |
---------------+----------------------------------------------------------------------------------+-----
Shields        | 4 5 7 8 11 14 16 17 20 22 25 | 25.1
Armour         | 4 5 6 8 9 11 13 15 16 17 18 19 20 21 | 21.3
Fighting       | 4 5 6 8 9 11 12 13 14 15 16 17 18 19 | 19.8
Maces & Flails | 3 4 5 7 8 11 14 15 16 17 18 19 20 | 20.3
Invocations    | 4 6 9 11 12 13 14 15 | 15.2
Earth Magic    | 4 8 11 13 14 15 16 | 16.9
Spellcasting   | 4 5 7 9 10 11 | 11.4
Dodging        | 3 5 6 8 9 11 | 11.0
Transmutations | 1 5 7 8 9 10 | 10.7

Action                   |  1- 3 |  4- 6 |  7- 9 | 10-12 | 13-15 | 16-18 | 19-21 | 22-24 | 25-27 || total
-------------------------+-------+-------+-------+-------+-------+-------+-------+-------+-------++-------
Melee: Flail             |   132 |   162 |   471 |  1090 |  1018 |       |       |       |       ||  2873
       Eveningstar       |       |       |       |       |   275 |  1468 |  1472 |  1584 |  1986 ||  6785
 Cast: Sandblast         |       |       |       |       |       |     2 |     2 |       |       ||     4
       Wereblood         |       |       |       |       |       |       |       |    12 |    10 ||    22
       Stone Arrow       |       |       |       |       |       |       |       |     5 |       ||     5
       Lee's Rapid Decon |       |       |       |       |       |       |       |     4 |     3 ||     7
       Petrify           |       |       |       |       |       |       |       |     2 |       ||     2
Invok: Upheaval          |       |       |       |     2 |     2 |     2 |     7 |    15 |     6 ||    34
       Disaster Area     |       |       |       |       |       |     1 |     1 |       |     5 ||     7
       Elemental Force   |       |       |       |       |       |       |     1 |     3 |     1 ||     5
 Abil: Evoke Flight      |       |       |       |     6 |       |       |       |       |       ||     6
       Stop Flying       |       |       |       |     1 |       |       |       |     1 |     1 ||     3
       Fly               |       |       |       |       |     1 |       |       |       |     2 ||     3
Evoke: Wand              |       |       |       |    14 |       |    11 |       |       |       ||    25
  Use: Scroll            |       |     9 |     3 |     5 |    21 |     7 |     2 |    15 |    12 ||    74
       Potion            |       |     2 |     4 |     4 |       |     1 |     3 |    12 |     8 ||    34
 Stab: Petrified         |       |       |       |       |     2 |       |       |       |       ||     2
       Distracted        |       |       |       |       |       |       |     1 |     1 |     1 ||     3
       Petrifying        |       |       |       |       |       |       |       |     1 |       ||     1
Armor: Chain mail        |    77 |   114 |   204 |   365 |   182 |       |    53 |   415 |   605 ||  2015
       Scale mail        |     3 |       |       |       |   237 |    99 |       |       |       ||   339
       Skin              |       |       |       |    21 |       |       |       |     1 |    22 ||    44
       Plate armour      |       |       |       |       |       |   692 |   332 |       |       ||  1024
Dodge: Dodged            |    46 |    44 |   114 |   275 |   334 |   353 |   150 |   307 |   490 ||  2113
       Repelled          |       |       |       |     1 |     5 |    17 |     6 |    19 |    26 ||    74
Block: Kite shield       |    85 |    87 |   231 |  1056 |  1295 |  1303 |       |       |       ||  4057
       Tower shield      |       |       |       |       |       |   436 |  1612 |  1996 |  2875 ||  6919
       Reflection        |       |       |       |       |       |       |       |       |   100 ||   100
